 Dungeon Crawl Stone Soup version 0.29.1-12-g30fa7ad0bf (webtiles) character file.

Game seed: 3463098377733965169

148164 Radix the Severer (level 17, -4/151 HPs)
             Began as a Hill Orc Fighter on Dec 20, 2022.
             Was the Champion of Beogh.
             Slain by an eight-headed hydra (8 damage)
             ... called by a spriggan druid
             ... on level 4 of the Swamp on Dec 22, 2022.
             The game lasted 04:30:16 (29480 turns).

Radix the Severer (Hill Orc Fighter)               Turns: 29480, Time: 04:30:46

Health: -4/151     AC: 29    Str: 37    XL:     17   Next: 48%
Magic:  29/29      EV:  6    Int:  8    God:    Beogh [******]
Gold:   2081       SH:  9    Dex: 10    Spells: 22/22 levels left

rFire   . . .      SeeInvis .   N - +9 war axe (vamp)
rCold   . . .      Faith    .   D - +3 buckler of Esaujohyu {Str+4}
rNeg    . . .      Spirit   .   M - +18 Lear's hauberk
rPois   .          Reflect  .   (helmet currently unavailable)
rElec   .          Harm     .   (no cloak)
rCorr   .          Rampage  .   (gloves currently unavailable)
Will    ++...                   (boots currently unavailable)
Stlth   ..........              v - amulet of regeneration
HPRegen 1.15/turn               i - ring of willpower
MPRegen 0.21/turn               q - +6 ring of strength

@: lethally poisoned (-4 -> -10), grasped by roots, constricted
A: walk on water, antennae 1, hooves 1, frail 1, subdued magic 1
a: Renounce Religion, Smiting, Recall Orcish Followers, Give Item to Named
Follower, Resurrection


You were on level 4 of the Swamp.
You worshipped Beogh.
Beogh was exalted by your worship.
You visited 5 branches of the dungeon, and saw 29 of its levels.
You visited the Abyss 1 time.
You also visited: Sewer and Volcano.

You collected 2815 gold pieces.
You spent 734 gold pieces at shops.

Inventory:

Hand Weapons
 e - a +0 executioner's axe of flaming
 N - a +9 vampiric war axe (weapon)
 S - a +4 battleaxe of electrocution
Missiles
 I - 7 throwing nets
Armour
 c - a +3 buckler
 j - a +0 plate armour of fire resistance
 D - the +3 buckler of Esaujohyu (worn) {Str+4}
   (You found it on level 3 of the Swamp)

   Str:       It affects your strength (+4).
 M - the +18 Lear's hauberk (worn)
   (You found it on level 6 of the Dungeon)
Jewellery
 a - a ring of see invisible
 i - a ring of willpower (left hand)
 n - a +4 ring of protection
 o - a ring of fire
 p - a ring of wizardry
 q - a +6 ring of strength (right hand)
 s - a +4 ring of slaying
 v - an amulet of regeneration (around neck)
 w - a +4 ring of slaying
 y - an amulet of faith
 z - a ring of flight
 L - a +4 ring of protection
 Z - the ring "Talirib" {Wiz rF+}
   (You found it on level 15 of the Dungeon)

   [ring of wizardry]

   It improves your spell success rate.
   rF:        It protects you from fire.
Wands
 k - a wand of digging (2)
 m - a wand of light (8)
 A - a wand of mindburst (12)
 E - a wand of charming (5)
 G - a wand of flame (26) (quivered)
 X - a wand of iceblast (29)
 Y - a wand of polymorph (22)
Scrolls
 b - 9 scrolls of identify
 h - 9 scrolls of fear
 l - 6 scrolls of teleportation
 r - 3 scrolls of blinking
 t - a scroll of silence
 J - 3 scrolls of amnesia
 O - a scroll of summoning
Potions
 d - 3 potions of might
 f - 7 potions of ambrosia
 g - 4 potions of haste
 u - a potion of invisibility
 x - a potion of magic
 C - 3 potions of cancellation
 Q - 2 potions of curing
 R - 3 potions of resistance
Miscellaneous
 T - a tin of tremorstones (2/2)
 W - a lightning rod (4/4)


   Skills:
 + Level 19.3 Fighting
 + Level 20.7 Axes
 - Level 10.6 Armour
 - Level 10.6 Shields
 + Level 3.3 Spellcasting
 + Level 2.3 Fire Magic
 + Level 16.4 Invocations
 + Level 10.9 Evocations


You had 22 spell levels left.
You didn't know any spells.
Your spell library contained the following spells:

 Spells                   Type           Power      Damage    Failure   Level
 Apportation              Tloc           2%         N/A       71%         1
 Beastly Appendage        Tmut           2%         N/A       71%         1
 Magic Dart               Conj           4%         1d3       71%         1
 Necrotise                Necr           4%         1d4       71%         1
 Sandblast                Erth           2%         2d4       71%         1
 Sting                    Tmut/Pois      4%         1d3       71%         1
 Summon Small Mammal      Summ           4%         N/A       71%         1
 Call Imp                 Summ           1%         N/A       83%         2
 Ensorcelled Hibernation  Hex/Ice        2%         N/A       83%         2
 Passwall                 Tmut/Erth      0%         N/A       83%         2
 Poisonous Vapours        Pois/Air       2%         N/A       83%         2
 Sublimation of Blood     Necr           1%         N/A       83%         2
 Wereblood                Tmut           1%         N/A       83%         2
 Inner Flame              Hex/Fire       2%         N/A       89%         3
 Ignite Poison            Fire/Tmut/Pois 2%         N/A       92%         3
 Mephitic Cloud           Conj/Pois/Air  1%         N/A       97%         3
 Spider Form              Tmut/Pois      1%         N/A       97%         3
 Swiftness                Air            1%         N/A       97%         3
 Anguish                  Hex/Necr       0%         N/A       100%        4
 Cause Fear               Hex            0%         N/A       100%        4
 Hailstorm                Conj/Ice       1%         3d3       100%        4
 Ice Form                 Ice/Tmut       1%         N/A       100%        4
 Olgreb's Toxic Radiance  Pois           1%         N/A       100%        4
 Petrify                  Tmut/Erth      1%         N/A       100%        4
 Alistair's Intoxication  Tmut/Pois      0%         N/A       100%        5
 Borgnjor's Vile Clutch   Necr/Erth      0%         N/A       100%        5
 Fireball                 Conj/Fire      1%         3d3       100%        5
 Irradiate                Conj/Tmut      0%         3d11      100%        5
 Conjure Ball Lightning   Conj/Air       0%         3x3d6     100%        6
 Eringya's Noxious Bog    Tmut/Pois      0%         N/A       100%        6
 Iron Shot                Conj/Erth      0%         9d1       100%        6
 Simulacrum               Ice/Necr       0%         N/A       100%        6
 Starburst                Conj/Fire      1%         6d3       100%        6
 Statue Form              Tmut/Erth      0%         N/A       100%        6
 Enfeeble                 Hex            0%         N/A       100%        7
 Ozocubu's Refrigeration  Ice            0%         4d7       100%        7
 Discord                  Hex            0%         N/A       100%        8
 Disjunction              Tloc           0%         N/A       100%        8
 Ignition                 Fire           1%         3d3       100%        8
 Lehudib's Crystal Spear  Conj/Erth      0%         10d2      100%        8
 Shatter                  Erth           0%         3d5*      100%        9


Dungeon Overview and Level Annotations

Branches:
Dungeon (15/15)            Temple (0/1) D:7            Lair (5/5) D:9
  Swamp (4/4) Lair:3       Spider (0/4) Lair:2        Slime (0/5) Lair:5
    Orc (2/2) D:12            Elf (3/3) Orc:2        Vaults (0/5) D:14
 Depths (0/4) D:15          Sewer (visited)         Volcano (visited)

Altars:
Cheibriados
Elyvilon
Fedhas
Gozag
Kikubaaqudgha
Trog
Vehumet
Xom
Zin
The Shining One
Beogh
Jiyva

Shops:
D:15 *   Orc:1 (   Orc:2 (([*


Innate Abilities, Weirdness & Mutations

You can walk on water.
You have a pair of small antennae on your head.
You have large cloven feet.
You are frail. (-10% HP)
Your spells are a little easier to cast, but a little less powerful.


Message History

Jorge splashes around in the water.
You hack one of the eight-headed hydra's heads off!
The seven-headed hydra grows two more!
You slice the nine-headed hydra!!
You feel better.
Your kick misses the nine-headed hydra.
The nine-headed hydra is moderately wounded.
You feel very sick.
Jorge no longer looks unusually strong.
The nine-headed hydra bites you. The nine-headed hydra bites you!
The nine-headed hydra closely misses you.
The nine-headed hydra bites you but does no damage. x3
The nine-headed hydra bites you!
* * * LOW HITPOINT WARNING * * *
The nine-headed hydra bites you!!
* * * LOW HITPOINT WARNING * * *
The nine-headed hydra bites you!
* * * LOW HITPOINT WARNING * * *
You feel much better.
You feel very sick.
Hawl no longer looks unusually strong.
The nine-headed hydra bites you!
* * * LOW HITPOINT WARNING * * *
The nine-headed hydra barely misses you.
You block the nine-headed hydra's attack.
The nine-headed hydra bites you but does no damage. x2
The nine-headed hydra bites you!
* * * LOW HITPOINT WARNING * * *
The nine-headed hydra bites you but does no damage. x3
Hawl hits the six-headed hydra with the +6 halberd "Qacoecw" {chaos, rElec Str+5 Int-5}!!
Hawl lops one of the six-headed hydra's heads off!
The five-headed hydra grows two more!
The seven-headed hydra looks as sick as possible!
Roots burst forth from the earth!
The grasping roots grab you! The grasping roots constrict you.
The eight-headed hydra bites you but does no damage.
The eight-headed hydra closely misses you.
The eight-headed hydra bites you!
* * * LOW HITPOINT WARNING * * *
The eight-headed hydra bites you!
You die...

♣♣♣♣♣ ♣♣♣♣♣♣
♣♣.~~~~♣♣♣♣§...♣
♣.~~~:~...~.~~.♣♣♣♣♣♣♣
♣..~♣~..~.♣..?..~♣~.$♣
♣.~.♣...~~♣.....~~.~~
.~~.~...~.♣~~~~.~..~. ♣
♣~~..~./.)...~♣ ♣ ♣§
♣♣~..<.))....~♣~.~♣
♣..♣♣♣..~~§§§D)@.~.§~.§
♣..~...~†~~oof)DD.§~~~.
♣~~....~~~~~†§~~§.n~~~.
♣♣~$.~~~~~~~~~~~~~.~§..
♣~.~~~♣♣~~~~~~~~§.4~~~
♣♣.~~.♣♣♣..~§~~§~♣n~~~
♣♣.~♣♣ ♣.♣.~~~.♣♣♣~~~
~~♣♣ §~♣♣~~♣♣♣ ~~~ ~~~
~♣ ♣♣♣


You could see a shambling mangrove, a nine-headed hydra (strong), an
eight-headed hydra (strong), a seven-headed hydra (extremely poisoned, ally
target), an orange demon, 2 bog bodies, the friendly Hawl the orc knight
(poisoned) and the friendly Jorge the orc knight.

Vanquished Creatures
  A bone dragon (Abyss:2)
  A deep elf blademaster (Elf:3)
  Roxanne (Swamp:2)
  The ghost of Jussuw Iff the Immaculate, an adept KoGl of Zin (D:15)
  An orc warlord (Orc:2)
  An ophan (Abyss:2)
  A stone giant (D:15)
  2 very ugly things (Abyss:2)
  3 deep elf demonologists (Elf:3)
  2 eleionomae
  A deep elf annihilator (Elf:3)
  2 dire elephants (Lair:5)
  2 bunyips (Swamp:1)
  2 deep elf death magi (Elf:3)
  3 vault guards (D:14)
  A great orb of eyes (Abyss:2)
  A boulder beetle (D:11)
  A ghost crab (Swamp:3)
  A hydra (Lair:4)
  8 centaur warriors
  2 two-headed ogres
  An alligator (Swamp:4)
  19 dancing weapons
  A tengu warrior (D:14)
  4 deep elf knights
  A hell knight (Volcano)
  A fire crab (shapeshifter) (D:13)
  A sixfirhy (Abyss:2)
  4 wretched stars (Abyss:2)
  3 goliath frogs
  A spectral anaconda (Lair:5)
  2 swamp dragons (Swamp:4)
  3 spriggan druids
  2 deep elf archers
  3 orc knights
  5 deep elf zephyrmancers
  3 wizards (D:15)
  Pikel (D:7)
  14 deep elf pyromancers
  9 ugly things (D:14)
  4 will-o-the-wisps
  A manticore (D:10)
  4 cyclopes
  2 worldbinders (Abyss:2)
  A torpor snail (Lair:2)
  A gargoyle (D:12)
  A molten gargoyle (Volcano)
  An orange demon (Abyss:2)
  3 elephants (Lair:5)
  5 cane toads
  A dire elephant skeleton (Lair:5)
  3 tengu conjurers
  3 yaktaurs
  2 komodo dragons
  9 tyrant leeches
  3 trolls
  6 meliai
  A raiju (Abyss:2)
  3 hornets (Swamp:1)
  7 slime creatures (D:13)
  6 blink frogs
  2 shadows
  2 wyverns (D:8)
  2 wraiths
  3 spriggans
  A human (shapeshifter) (D:14)
  8 large abominations
  30 yaks
  A ynoxinul (D:11)
  A human (D:14)
  2 fire bats (Volcano)
  A steam dragon (D:7)
  3 vampire mosquitoes (D:15)
  A basilisk (D:15)
  A neqoxec (Abyss:2)
  8 swamp worms
  An acid dragon (D:10)
  6 water moccasins
  2 wargs
  10 orc warriors
  3 ice beasts
  2 black bears
  2 sky beasts
  2 elephant zombies (Lair:5)
  4 swamp drakes
  A boggart (D:10)
  2 ogres (D:5)
  20 centaurs
  An elephant skeleton (Lair:5)
  10 small abominations
  2 wolves (Lair:3)
  3 phantoms
  2 kobold brigands (D:7)
  8 bullfrogs
  2 gnoll sergeants
  4 necrophages
  2 scorpions (Lair:2)
  A cane toad simulacrum (Lair:5)
  An earth elemental (Elf:3)
  4 wights (D:6)
  10 killer bees
  4 electric eels
  4 howler monkeys
  3 lava snakes (Volcano)
  2 hounds
  3 jellies
  2 gnoll boudas (D:6)
  Crazy Yiuf (D:7)
  An orc priest (Orc:2)
  4 iguanas
  5 orc wizards
  19 gnolls
  10 adders
  A shadow imp (D:6)
  6 white imps
  2 ufetubi (D:6)
  5 worms
  4 dart slugs
  13 orcs
  2 bats (D:1)
  13 endoplasms
  9 giant cockroaches
  4 goblins
  10 hobgoblins
  10 quokkas
  15 ball pythons
  18 frilled lizards
  11 kobolds
  3 rats (D:1)
538 creatures vanquished.

Vanquished Creatures (collateral kills)
  Saint Roka (Orc:2)
  A deep elf master archer (Elf:3)
  The ghost of Cheops the Impaler, an adept MiFi of Yredelemnul (Swamp:2)
  Gastronok (Lair:1)
  A deep elf sorcerer (Elf:3)
  A deep elf elementalist (Elf:3)
  Aizul (Swamp:3)
  3 deep elf demonologists
  2 eleionomae
  2 dire elephants (Lair:5)
  The ghost of ZoeForever1 the Cleaver, a journeyman HuGl of Cheibriados (D:13)
  3 bunyips
  The ghost of ZoeForever1 the Lord of Darkness, a journeyman HuNe of Kikubaaqudgha (Lair:4)
  A deep elf death mage (Elf:3)
  2 deep elf high priests
  4 hydras
  Harold (Lair:2)
  A vault guard (D:14)
  A boulder beetle (D:15)
  The ghost of ZoeForever1 the Grappler, a journeyman DrTm of Wu Jian (D:11)
  2 centaur warriors
  13 dancing weapons
  2 alligators
  A spriggan berserker (Swamp:3)
  5 deep elf knights
  A spriggan druid (Swamp:4)
  An obsidian statue (Lair:5)
  4 deep elf archers
  4 bog bodies
  A wizard (D:15)
  8 deep elf zephyrmancers
  An ugly thing (D:13)
  2 swamp dragons (Swamp:4)
  15 deep elf pyromancers
  4 necromancers (Lair:5)
  2 orc sorcerers
  2 slime creatures (D:11)
  3 cyclopes
  A large abomination (D:15)
  A torpor snail (Lair:5)
  9 elephants (Lair:5)
  2 gargoyles
  2 black mambas
  A rime drake (Lair:4)
  7 cane toads
  A yaktaur (D:13)
  An unseen horror (D:12)
  4 komodo dragons
  An efreet (D:15)
  A queen bee (Orc:1)
  A tyrant leech (Swamp:1)
  3 trolls
  A slime creature (shapeshifter) (D:15)
  3 hornets
  3 blink frogs (Lair:2)
  3 air elementals
  8 spriggans
  A wyvern (Lair:1)
  A human (D:14)
  A wraith (D:14)
  37 yaks
  2 basilisks
  2 fire elementals
  A steam dragon (Lair:2)
  A death yak simulacrum (Lair:5)
  9 wargs
  6 swamp worms
  2 acid dragons
  6 water moccasins
  11 orc warriors
  A black bear (D:7)
  2 elephant zombies (Lair:5)
  A swamp drake (Swamp:3)
  4 ogres
  10 wolves
  2 centaurs
  2 kobold brigands
  6 bullfrogs
  5 scorpions
  A small abomination (D:15)
  A wight (D:6)
  27 killer bees
  3 howler monkeys
  4 electric eels
  4 lava snakes (Volcano)
  10 orc priests
  A gnoll bouda (D:7)
  12 orc wizards
  4 gnolls (D:7)
  An ufetubus (D:7)
  A worm (Lair:2)
  26 orcs
  9 kobolds
371 creatures vanquished.

Vanquished Creatures (others)
  An orc warlord (Elf:3)
  A deep elf annihilator (Elf:3)
  2 orc high priests
  A deep elf knight (Elf:1)
  14 orc knights
  2 orc sorcerers
  A bloated husk (Swamp:1)
  19 orc priests
  20 orc warriors
  A swamp drake (Swamp:3)
  29 orc wizards
  80 orcs
  8 foxfires
  46 fungi
  66 plants
  34 withered plants (Lair:5)
325 creatures vanquished.

Grand Total: 1234 creatures vanquished

Notes
Turn   | Place    | Note
-------+----------+-------------------------------------------
     0 | D:1      | Radix the Hill Orc Fighter began the quest for the Orb.
     0 | D:1      | Reached XP level 1. HP: 19/19 MP: 1/1
    91 | D:1      | Reached skill level 3 in Axes
   127 | D:1      | Reached XP level 2. HP: 27/27 MP: 2/2
   599 | D:2      | Reached XP level 3. HP: 34/34 MP: 3/3
   722 | D:2      | Reached skill level 4 in Axes
   934 | D:2      | Identified the +6 war axe of Righteous Fury {holy, Contam
                  | rN+ Str+2}
  1116 | D:2      | Reached XP level 4. HP: 34/41 MP: 4/4
  1177 | D:2      | Found a faded altar of an unknown god.
  1674 | D:3      | Became a worshipper of Beogh the Brigand
  1878 | D:3      | Found a snail-covered altar of Cheibriados.
  1971 | D:3      | Reached skill level 5 in Fighting
  2559 | D:4      | Reached skill level 5 in Axes
  2559 | D:4      | Reached XP level 5. HP: 47/48 MP: 5/5
  2678 | D:4      | Found a glowing drain.
  2698 | Sewer    | Entered a sewer
  2721 | Sewer    | Reached * piety under Beogh
  2890 | Sewer    | Reached ** piety under Beogh
  2909 | Sewer    | Reached skill level 6 in Axes
  2909 | Sewer    | Reached XP level 6. HP: 57/57 MP: 6/6
  3106 | D:4      | Found a white marble altar of Elyvilon.
  3626 | D:5      | Entered Level 5 of the Dungeon
  3630 | D:5      | Reached skill level 7 in Axes
  3630 | D:5      | Reached XP level 7. HP: 66/66 MP: 7/7
  3767 | D:5      | Reached *** piety under Beogh
  3768 | D:5      | Reached skill level 8 in Axes
  3772 | D:5      | Reached XP level 8. HP: 74/74 MP: 8/8
  3819 | D:5      | Reached skill level 9 in Axes
  4529 | D:5      | Found a glowing silver altar of Zin.
  4713 | D:6      | Reached skill level 10 in Axes
  4753 | D:6      | Found the +18 Lear's hauberk
  4777 | D:6      | Identified the ring of Perfectionism {Ice rElec rN+ Str+3}
  4823 | D:6      | Reached skill level 10 in Fighting
  4908 | D:6      | Reached XP level 9. HP: 85/85 MP: 9/9
  5061 | D:6      | Reached **** piety under Beogh
  5062 | D:6      | Reached skill level 11 in Axes
  5379 | D:6      | Reached skill level 12 in Axes
  5501 | D:7      | Noticed Pikel
  5508 | D:7      | Gained Zartorak as an ally
  5516 | D:7      | Killed Pikel
  5517 | D:7      | Reached XP level 10. HP: 96/97 MP: 10/10
  5522 | D:7      | Reached skill level 13 in Axes
  5600 | D:7      | Found a staircase to the Ecumenical Temple.
  5823 | D:7      | Reached ***** piety under Beogh
  5908 | D:7      | Found a runed translucent door.
  5909 | D:7      | Noticed Crazy Yiuf
  5913 | D:7      | Killed Crazy Yiuf
  6459 | D:8      | Found a bloodstained altar of Trog.
  6595 | D:8      | Reached skill level 1 in Invocations
  7351 | D:9      | Gained Warbeogh as an ally
  7372 | D:9      | Reached skill level 14 in Axes
  7375 | D:9      | Your ally Warbeogh died
  7478 | D:9      | Reached skill level 5 in Invocations
  7484 | D:9      | Reached XP level 11. HP: 84/108 MP: 13/15
  7513 | D:9      | Identified the amulet of Xom's Capriciousness {Harm Drain
                  | rF++ Regen+ Dex-4 Slay+5}
  7611 | D:9      | Found a staircase to the Lair.
  7666 | D:9      | Found a glowing golden altar of the Shining One.
  7671 | D:9      | Found an opulent altar of Gozag.
  7904 | D:10     | Entered Level 10 of the Dungeon
  7920 | D:10     | Gained Boldo as an ally
  7996 | D:10     | Noticed a two-headed ogre
  8005 | D:10     | Killed a two-headed ogre
  8205 | D:10     | Noticed a manticore
  8206 | D:10     | Noticed a centaur warrior
  8217 | D:10     | Killed a centaur warrior
  8218 | D:10     | Reached skill level 15 in Axes
  8219 | D:10     | Killed a manticore
  8648 | D:10     | Found an ancient bone altar of Kikubaaqudgha.
  8911 | D:10     | Found a blossoming altar of Fedhas.
  9179 | D:11     | Found the +9 staff of Wucad Mu {*channel}
  9194 | D:11     | Noticed ZoeForever1's ghost (journeyman DrTm)
  9278 | D:11     | Found a runed translucent door.
  9487 | D:11     | Noticed a cyclops
  9495 | D:11     | Killed a cyclops
  9575 | D:11     | Noticed a boulder beetle
  9594 | D:11     | Killed a boulder beetle
 10299 | D:11     | Killed ZoeForever1's ghost
 10310 | D:11     | Got Afil's Directory of Terrain
 10471 | D:12     | Reached skill level 15 in Fighting
 10513 | D:12     | Reached skill level 16 in Axes
 10572 | D:12     | Noticed a cyclops
 10577 | D:12     | Killed a cyclops
 10578 | D:12     | Reached XP level 12. HP: 119/119 MP: 18/18
 10585 | D:12     | Reached skill level 1 in Evocations
 10842 | D:12     | Found a runed translucent door.
 10845 | D:12     | Noticed a +0 demon whip of pain
 10854 | D:12     | Killed a +0 demon whip of pain
 10998 | D:12     | Found a staircase to the Orcish Mines.
 11238 | Lair:1   | Entered Level 1 of the Lair of Beasts
 11357 | Lair:1   | Gained Bolgrim as an ally
 11358 | Lair:1   | Gained Olfrun as an ally
 11506 | Lair:1   | Reached skill level 10 in Invocations
 11545 | Lair:1   | Noticed Gastronok
 11554 | Lair:1   | Killed Gastronok
 11585 | Lair:1   | Reached ****** piety under Beogh
 12134 | Lair:2   | Noticed Harold
 12142 | Lair:2   | Killed Harold
 12195 | Lair:2   | Reached skill level 17 in Axes
 12195 | Lair:2   | Noticed a six-headed hydra
 12202 | Lair:2   | Killed a seven-headed hydra
 12477 | Lair:2   | Found a hole to the Spider Nest.
 12481 | Lair:2   | Gained Blodwig as an ally
 12498 | Lair:2   | Reached skill level 5 in Evocations
 12498 | Lair:2   | Reached XP level 13. HP: 124/128 MP: 21/21
 12945 | Lair:3   | Identified the +1 pair of gloves of Vopowni {Dex+4}
 12961 | Lair:3   | Found a staircase to the Swamp.
 14001 | Lair:4   | Found a shimmering altar of Xom.
 14216 | Lair:4   | Found a dark tunnel.
 14232 | Volcano  | Entered a volcano
 14450 | Volcano  | Found a radiant altar of Vehumet.
 14848 | Lair:4   | Found a runed translucent door.
 14851 | Lair:4   | Found a shimmering altar of Xom.
 14851 | Lair:4   | Noticed ZoeForever1's ghost (journeyman HuNe)
 14860 | Lair:4   | Killed ZoeForever1's ghost
 14861 | Lair:4   | Reached skill level 5 in Armour
 15296 | Lair:5   | Entered Level 5 of the Lair of Beasts
 15321 | Lair:5   | Reached skill level 5 in Shields
 15410 | Lair:5   | Gained Spirok as an ally
 15724 | Lair:5   | Noticed a dire elephant
 15724 | Lair:5   | Noticed a dire elephant
 15724 | Lair:5   | Noticed a dire elephant
 15726 | Lair:5   | Noticed a dire elephant
 15771 | Lair:5   | Reached skill level 18 in Axes
 15835 | Lair:5   | Reached XP level 14. HP: 138/138 MP: 23/23
 15862 | Lair:5   | Killed a dire elephant
 15863 | Lair:5   | Killed a dire elephant
 15866 | Lair:5   | Killed a dire elephant
 15867 | Lair:5   | Killed a dire elephant
 16075 | Lair:5   | Got the Parchment of Metamorphosis
 16135 | Lair:5   | Found a viscous altar of Jiyva.
 16140 | Lair:5   | Found a staircase to the Slime Pits.
 17215 | Orc:1    | Entered Level 1 of the Orcish Mines
 17555 | Orc:1    | Found Nudaget's Weapon Emporium.
 18044 | Orc:2    | Entered Level 2 of the Orcish Mines
 18123 | Orc:2    | Noticed an orc warlord
 18142 | Orc:2    | Killed an orc warlord
 18209 | Orc:2    | Found a roughly hewn altar of Beogh.
 18270 | Orc:2    | Noticed Saint Roka
 18284 | Orc:2    | Killed Saint Roka
 18288 | Orc:2    | Found Teto Otu's Antique Weapon Shop.
 18290 | Orc:2    | Found a roughly hewn altar of Beogh.
 18356 | Orc:2    | Found Fibletos's Antique Armour Boutique.
 18413 | Orc:2    | Bought a runed plate armour for 650 gold pieces
 18547 | Orc:2    | Found a staircase to the Elven Halls.
 18636 | Orc:2    | Found a roughly hewn altar of Beogh.
 18667 | Orc:2    | Found a roughly hewn altar of Beogh.
 18692 | Orc:2    | Found a roughly hewn altar of Beogh.
 18696 | Orc:2    | Found Podo Wua's Weapon Shoppe.
 18859 | Orc:2    | Found a roughly hewn altar of Beogh.
 18865 | Orc:2    | Found Asefey Jouss's Assorted Antiques.
 18871 | Orc:2    | Bought a scroll of teleportation for 84 gold pieces
 19188 | Elf:1    | Entered Level 1 of the Elven Halls
 19199 | Elf:1    | Gained Bogdar as an ally
 19209 | Elf:1    | Your ally Bogdar died
 19554 | Elf:1    | Identified the +8 flail "Yhoi" {chaos, Str+2 Int+2 Dex+2
                  | SInv}
 19795 | Elf:1    | Killed a deep elf demonologist
 20578 | Elf:2    | Reached XP level 15. HP: 147/147 MP: 25/25
 20740 | Elf:2    | Found a radiant altar of Vehumet.
 20771 | Elf:2    | Reached skill level 19 in Axes
 20995 | Elf:2    | Found a huge runed translucent gate.
 20995 | Elf:2    | Found a huge runed translucent gate.
 20995 | Elf:2    | Found a huge runed translucent gate.
 20995 | Elf:2    | Found a huge runed translucent gate.
 20996 | Elf:2    | Found a huge runed translucent gate.
 21435 | Elf:2    | Your ally Olfrun died
 21501 | Elf:2    | Gained Murdo as an ally
 21847 | Elf:3    | Entered Level 3 of the Elven Halls
 21889 | Elf:3    | Gained mutation: You occasionally shout uncontrollably at
                  | your foes. [mutagenic glow]
 22039 | Elf:3    | Noticed a deep elf sorcerer
 22042 | Elf:3    | Noticed a deep elf blademaster
 22053 | Elf:3    | Killed a deep elf blademaster
 22055 | Elf:3    | Noticed a deep elf elementalist
 22057 | Elf:3    | Noticed a Brimstone Fiend
 22063 | Elf:3    | Killed a deep elf sorcerer
 22071 | Elf:3    | Killed a deep elf elementalist
 22073 | Elf:3    | Your ally Blodwig died
 22073 | Elf:3    | Your ally Boldo died
 22077 | Elf:3    | Noticed a deep elf master archer
 22077 | Elf:3    | Killed a deep elf master archer
 22084 | Elf:3    | Your ally Zartorak died
 22085 | Elf:3    | Gained Boghold as an ally
 22090 | Elf:3    | Your ally Boghold died
 22098 | Elf:3    | Identified the +1 battleaxe of Hatuwog {speed, rElec}
 22113 | Elf:3    | Your ally Spirok died
 22124 | Elf:3    | Noticed a Tzitzimitl
 22133 | Elf:3    | HP: 6/142 [hellion/damnation[a deep elf demonologist] (26)]
 22143 | Elf:3    | Your ally Murdo died
 22145 | Elf:3    | Your ally Bolgrim died
 23131 | D:13     | Reached XP level 16. HP: 156/156 MP: 27/27
 23150 | D:13     | Reached skill level 15 in Invocations
 23351 | D:13     | Found a runed translucent door.
 23352 | D:13     | Found a shimmering altar of Xom.
 23352 | D:13     | Noticed ZoeForever1's ghost (journeyman HuGl)
 23365 | D:13     | Killed ZoeForever1's ghost
 24654 | D:14     | Reached skill level 20 in Axes
 24701 | D:14     | Reached skill level 10 in Evocations
 24721 | D:14     | Lost mutation: You occasionally shout uncontrollably at
                  | your foes. [potion of mutation]
 24721 | D:14     | Gained mutation: Your spells are a little easier to cast,
                  | but a little less powerful. [potion of mutation]
 24721 | D:14     | Gained mutation: You have a pair of small antennae on your
                  | head. [potion of mutation]
 24721 | D:14     | Gained mutation: You have large cloven feet. [potion of
                  | mutation]
 24738 | D:14     | Found a gate to the Vaults.
 25400 | D:15     | Entered Level 15 of the Dungeon
 25421 | Abyss:2  | Cast into level 2 of the Abyss (a wizard)
 25513 | Abyss:2  | Reached skill level 1 in Spellcasting
 25551 | Abyss:2  | Noticed a bone dragon
 25561 | Abyss:2  | Reached skill level 10 in Shields
 25571 | Abyss:2  | Killed a bone dragon
 25572 | Abyss:2  | Reached skill level 10 in Armour
 25659 | Abyss:2  | Paralysed by a great orb of eyes for 5 turns
 25697 | Abyss:2  | Gained mutation: You are frail. (-10% HP) [a neqoxec]
 25811 | D:15     | Escaped the Abyss
 26085 | D:15     | Found Gozag's Platinum Reserve.
 26088 | D:15     | Noticed Jussuw Iff's ghost (adept KoGl)
 26091 | D:15     | Found an opulent altar of Gozag.
 26110 | D:15     | Found a transporter.
 26119 | D:15     | Found a transporter.
 26139 | D:15     | Gained Borgun as an ally
 26141 | D:15     | Killed Jussuw Iff's ghost
 26160 | D:15     | Identified the ring "Talirib" {Wiz rF+}
 26280 | D:15     | Found a staircase to the Depths.
 27084 | Swamp:1  | Entered Level 1 of the Swamp
 27159 | Swamp:1  | Gained Jorge as an ally
 27200 | Swamp:1  | Reached XP level 17. HP: 133/149 MP: 28/28
 27524 | Swamp:1  | Found a glowing silver altar of Zin.
 27900 | Swamp:2  | Found a runed translucent door.
 27900 | Swamp:2  | Found a shimmering altar of Xom.
 27900 | Swamp:2  | Noticed Cheops's ghost (adept MiFi)
 27901 | Swamp:2  | Identified the +6 halberd "Qacoecw" {chaos, rElec Str+5
                  | Int-5}
 28130 | Swamp:2  | Killed Cheops's ghost
 28439 | Swamp:2  | Gained Hawl as an ally
 28500 | Swamp:2  | Identified Roxanne's Guidebook on the Quarry
 28500 | Swamp:2  | Noticed Roxanne
 28514 | Swamp:2  | Killed Roxanne
 28762 | Swamp:3  | Identified the +3 buckler of Esaujohyu {Str+4}
 28966 | Swamp:3  | Reached skill level 1 in Fire Magic
 28993 | Swamp:3  | Noticed Aizul
 28999 | Swamp:3  | Killed Aizul
 29438 | Swamp:4  | Entered Level 4 of the Swamp
 29474 | Swamp:4  | Your ally Borgun died
 29480 | Swamp:4  | HP: 4/151 [eight-headed hydra[a spriggan druid] (11)]
 29480 | Swamp:4  | Slain by an eight-headed hydra

Illustrated notes

Levels and vault maps discovered:
D:1:      psy_arrival_terrarium, layout_rooms, dk_noncrumbling_2
D:2:      layout_loops_ring, chequers_ecumenical_altar_grove,
          dreamdust_princess_corridor, chequers_serial_rivers_large_a,
          chequers_big_river
D:3:      layout_loops_ring, kennysheep_slug_shrine
D:4:      layout_basic, elyvilon_altar_5, cheibrodos_sewer_entry_bend
D:5:      minmay_angry_zag, layout_loops_ring, mainiacjoe_overflow_catwalk,
          serial_bayou_pond_d, small_statue_alley_b, kennysheep_flooded_box
D:6:      minmay_chambers_of_threes, layout_loops_ring, grunt_ministairs_1,
          feat_on_display
D:7:      layout_basic, minmay_temple_entry_nine_rooms, grunt_ministairs_3,
          uniq_pikel, uniq_crazy_yiuf_cottage
D:8:      layout_loops_ring, old_standard_altar
D:9:      layout_cave_pools, mainiacjoe_overflow_big_doors,
          erik_lair_orcish_takeover, nrook_mini_vaults
D:10:     minmay_bloctagon_deflated, layout_basic, kennysheep_little_box,
          fedhas_altar_fruit_tree
D:11:     layout_basic, hellmonk_ghost_big_iron
D:12:     layout_loops_ring, david_orc_4, nicolae_danse_macabre
D:13:     layout_layer_cave, ebering_ghost_xom
D:14:     layout_basic, grunt_vaults_entry_fortified, serial_glass,
          glass_columns_b, glass_columns_c, minivault_27
D:15:     grunt_enter_depths_giant_problem, layout_cave_pools,
          gammafunk_ghost_arena, nicolae_gozag_zags_fifth_avenue, laboratory
Lair:1:   layout_chaotic_city, serial_bayou_shore_a, lemuel_fruit_tree,
          grunt_megastairs_2, uniq_gastronok
Lair:2:   layout_roguey, nicolae_spider_entry_non_spiders,
          nicolae_lair_lil_pond, uniq_harold
Lair:3:   layout_cave_pods, minmay_swamp_entry_eels, st_stairs_11
Lair:4:   layout_regular_city, enter_volcano_1, basic_altar, ebering_ghost_xom,
          grunt_megastairs_1
Lair:5:   due_jungle_book, layout_regular_city, dpeg_slime_entry_corner
Swamp:1:  layout_basic_swamp, hangedman_swamp_ruin_wall, swamp_pool3,
          nicolae_swamp_godswood
Swamp:2:  layout_basic_swamp, ebering_ghost_xom, hangedman_swamp_ruin_hall,
          nzn_swamp_dancing_lights, uniq_roxanne
Swamp:3:  layout_basic_swamp, hangedman_swamp_cone, swamp_pool5,
          infiniplex_staircase_pool_2, uniq_aizul
Swamp:4:  swamp_vile, layout_basic_swamp, uniq_nikola
Orc:1:    layout_caves, serial_shops, nicolae_shop_bloodbath_and_beyond,
          special_room [special_room_bee], guppyfry_library_mini
Orc:2:    grunt_orc_community_town_hall, layout_caves,
          grunt_orc_community_big_house_2, grunt_orc_community_big_house_2,
          grunt_orc_community_house_3, grunt_orc_community_house_3,
          grunt_orc_community_house_1, grunt_orc_community_house_2,
          grunt_orc_community_house_3
Elf:1:    minmay_elf_arrival_plus, layout_loops_corners,
          kennysheep_underground_church
Elf:2:    elven_hall_of_blades_hangedman_alternative
          [infiniplex_blade_entry_pillars], layout_gridlike, basic_altar,
          serial_corexii_hall, chequers_hall_statues_wall_a,
          chequers_hall_statues_y
Elf:3:    grunt_elf_hall_spiral, layout_geoelf_octagon,
          gammafunk_ghost_wrathful_warriors, serial_shops, nicolae_shop_trees

Skill      XL: |  1  2  3  4  5  6  7  8  9 10 11 12 13 14 15 16 17 |
---------------+----------------------------------------------------+-----
Axes           | 3 4 5 6 7 8 10 12 14 16 17 18 19 20 | 20.7
Fighting       | 4 5 6 7 8 10 12 13 15 16 17 18 19 | 19.3
Invocations    | 5 9 11 12 13 14 15 16 | 16.4
Evocations     | 5 6 8 9 10 | 10.9
Armour         | 5 7 9 10 | 10.6
Shields        | 5 7 9 10 | 10.6
Spellcasting   | 2 3 |  3.3
Fire Magic     | 2 |  2.3

Action                   |  1- 3 |  4- 6 |  7- 9 | 10-12 | 13-15 | 16-18 || total
-------------------------+-------+-------+-------+-------+-------+-------++-------
Melee: War axe           |    99 |   131 |   208 |   295 |   493 |   580 ||  1806
       Kick              |       |       |       |       |       |   155 ||   155
Invok: Convert to Beogh  |       |     1 |       |       |       |       ||     1
       Give Item to Name |       |       |       |     3 |     3 |     3 ||     9
       Smiting           |       |       |       |     2 |    36 |       ||    38
       Recall Orcish Fol |       |       |       |       |     9 |     6 ||    15
Evoke: Wand              |       |       |       |       |    14 |    10 ||    24
  Use: Scroll            |       |       |       |    22 |    12 |     4 ||    38
       Potion            |       |       |       |     1 |    18 |     9 ||    28
 Stab: Distracted        |       |       |       |     2 |     2 |       ||     4
       Invisible         |       |       |       |       |       |     1 ||     1
Armor: Scale mail        |    32 |     7 |       |       |       |       ||    39
       Plate armour      |       |    53 |    46 |       |       |       ||    99
       Chain mail        |       |       |    56 |   195 |   320 |   305 ||   876
Dodge: Dodged            |    55 |    66 |   117 |   147 |   159 |   161 ||   705
Block: Buckler           |    30 |    27 |    47 |    68 |   101 |   150 ||   423
